 Dungeon Crawl Stone Soup version 0.26-a0-651-gb41185065b (webtiles) character file.

Game seed: 1465450472664936638

616161 Irenicus the Petrodigitator (level 26, -3/237 HPs)
             Began as a Deep Dwarf Earth Elementalist on Oct 6, 2020.
             Was the Champion of Makhleb.
             Killed by divine providence
             ... invoked by a greater mummy
              (10 damage)
             ... on level 1 of the Tomb of the Ancients on Oct 7, 2020.
             The game lasted 05:32:44 (23064 turns).

Irenicus the Petrodigitator (DDEE)                 Turns: 23064, Time: 05:32:45

Health: -3/237     AC: 16    Str: 10 (12) XL:     26   Next: 38%
Magic:  39/57 (39) EV: 30    Int: 33      God:    Makhleb [******]
Gold:   1352       SH: 12    Dex: 31      Spells: 16/57 levels left

rFire    . . .     SeeInvis +   n - staff of earth
rCold    + . .     Faith    .   d - +0 buckler
rNeg     + + +     Spirit   .   e - +2 ring mail "Koiseih" {Harm rCorr Dex+4}
rPois    +         Reflect  .   U - +2 hat "Viomeiza" {*Contam rN+ rCorr Dex+4}
rElec    +         Harm     +   N - scarf {rC+ rF+}
rCorr    +         Rampage  .   m - +0 pair of gloves of Zeoll {rPois rF- MP+9 Int+2 SInv}
MR       +++..                  k - +0 pair of boots of Defence {MP+9}
Stlth    ++........             r - amulet of magic regeneration
HPRegen  0.00/turn              H - ring of Gegim {rN+ Int+6}
MPRegen  0.60/turn              D - ring "Pecopniv" {*Contam rElec rCorr Str-3 Dex+10}

@: marked, non-regenerating, slowed, very slow
A: damage resistance, heal wounds, large bone plates 1, low mp 1, negative
energy resistance 1, sense surroundings 3, no regeneration
}: 4/15 runes: decaying, slimy, silver, gossamer
a: Heal Wounds, Minor Destruction, Lesser Servant of Makhleb, Major Destruction,
Greater Servant of Makhleb, Renounce Religion


You were on level 1 of the Tomb of the Ancients.
You worshipped Makhleb.
Makhleb was exalted by your worship.
You visited 11 branches of the dungeon, and saw 49 of its levels.
You visited 1 bazaar.
You also visited: Sewer, Gauntlet, Ice Cave, Wizlab and Desolation.

You collected 6126 gold pieces.
You spent 4774 gold pieces at shops.

Inventory:

Armour
 d - a +0 buckler (worn)
   (You found it on level 5 of the Vaults)
 e - the +2 ring mail "Koiseih" (worn) {Harm rCorr Dex+4}
   (You found it on level 5 of the Vaults)

   It affects your dexterity (+4).
   It provides partial protection from all sources of acid and corrosion.
   It increases damage dealt and taken.
 k - the +0 pair of boots of Defence (worn) {MP+9}
   (You acquired it on level 1 of the Tomb of the Ancients)

   It affects your magic capacity (+9).
 m - the +0 pair of gloves of Zeoll (worn) {rPois rF- MP+9 Int+2 SInv}
   (You found it on level 4 of the Vaults)

   It affects your intelligence (+2).
   It makes you vulnerable to fire.
   It protects you from poison.
   It affects your magic capacity (+9).
   It lets you see invisible.
 N - a scarf of resistance (worn)
   (You found it in a Gauntlet)
 Q - the +3 chain mail "Ymezxiaz" {rElec rN+ Int+4 Stlth+}
   (You found it on level 5 of the Vaults)

   It affects your intelligence (+4).
   It insulates you from electricity.
   It protects you from negative energy.
   It makes you more stealthy.
 R - the +1 buckler of the Untouchables {rPois rN++ Dex-4 Stlth+}
   (You found it in a Gauntlet)

   It affects your dexterity (-4).
   It protects you from poison.
   It greatly protects you from negative energy.
   It makes you more stealthy.
 U - the +2 hat "Viomeiza" (worn) {*Contam rN+ rCorr Dex+4}
   (You acquired it on level 5 of the Vaults)

   It affects your dexterity (+4).
   It protects you from negative energy.
   It causes magical contamination when unequipped.
   It provides partial protection from all sources of acid and corrosion.
 W - the +1 pair of gloves "Qevenul" {Str+6 Dex+4}
   (You found it on level 4 of the Vaults)

   It affects your strength (+6).
   It affects your dexterity (+4).
 Y - a +1 helmet of intelligence
   (You found it on level 3 of the Crypt)
Magical Staves
 n - an uncursed staff of earth (weapon)
   (You found it on level 3 of the Elven Halls)
 O - an uncursed staff of death {rN+}
   (You took it off an orc on level 9 of the Dungeon)
Jewellery
 b - the ring of Xeunymn {rF- rN+ EV+4 Int+5}
   (You found it on level 1 of the Spider Nest)

   [ring of evasion]

   It affects your evasion (+4).
   It affects your intelligence (+5).
   It makes you vulnerable to fire.
   It protects you from negative energy.
 o - an uncursed ring of flight {+Fly, !d}
   (You found it on level 10 of the Dungeon)
 r - an amulet of magic regeneration (around neck)
   (You found it on level 3 of the Dungeon)
 D - the ring "Pecopniv" (right hand) {*Contam rElec rCorr Str-3 Dex+10}
   (You bought it in a shop on level 1 of the Elven Halls)

   [ring of resist corrosion]

   It affects your strength (-3).
   It affects your dexterity (+10).
   It insulates you from electricity.
   It causes magical contamination when unequipped.
   It provides partial protection from all sources of acid and corrosion.
 F - an uncursed ring of protection from fire {rF+, !d}
   (You found it on level 11 of the Dungeon)
 H - the ring of Gegim (left hand) {rN+ Int+6}
   (You found it on level 1 of the Spider Nest)

   [ring of positive energy]

   It affects your intelligence (+6).
   It protects you from negative energy.
 K - the ring "Dihaus" {rC+ MP+9 Str+5 Dex+3}
   (You bought it in a shop on level 4 of the Dungeon)

   [ring of magical power]

   It affects your strength (+5).
   It affects your dexterity (+3).
   It protects you from cold.
   It affects your magic capacity (+9).
 L - the ring "Kaom" {rC+ Dex+2}
   (You found it in a Gauntlet)

   [ring of protection from cold]

   It affects your dexterity (+2).
   It protects you from cold.
Wands
 s - a wand of acid (36)
   (You found it on level 3 of the Dungeon)
 w - a wand of iceblast (41)
   (You took it off Ijyb on level 4 of the Dungeon)
 J - a wand of digging (5)
   (You took it off Erolcha on level 9 of the Dungeon)
 P - a wand of disintegration (46)
   (You found it on level 10 of the Dungeon)
Scrolls
 a - 7 scrolls of teleportation
 f - 18 scrolls of remove curse
 l - 4 scrolls of immolation {!r}
 q - a scroll of magic mapping {!r}
 A - 5 scrolls of blinking {!r}
 B - 4 scrolls of enchant armour
 I - a scroll of summoning
 T - a scroll of fear
 Z - 4 scrolls of holy word {!r}
Potions
 c - 4 potions of heal wounds
 g - 3 potions of cancellation
 h - 8 potions of brilliance
 i - 5 potions of ambrosia
 p - 3 potions of invisibility
 t - 10 potions of might
 u - 12 potions of curing
 v - 5 potions of lignification {!q}
 x - 10 potions of flight
 C - 4 potions of resistance
 E - 12 potions of haste
 M - 3 potions of magic
 V - a potion of mutation {!q}
Miscellaneous
 j - a condenser vane (2/2)
   (You found it on level 11 of the Dungeon)
 y - a box of beasts (3/3)
   (You found it on level 3 of the Spider Nest)
 z - a lightning rod (4/4)
   (You found it on level 3 of the Elven Halls)
 G - a phial of floods
   (You found it on level 3 of the Elven Halls)
 S - a phantom mirror
   (You found it in a wizard's laboratory)
 X - a tin of tremorstones (3/3)
   (You found it on level 2 of the Lair of Beasts)


   Skills:
 + Level 14.0 Fighting
 - Level 18.0 Armour
 - Level 19.2 Dodging
 - Level 2.4 Stealth
 - Level 7.0 Shields
 - Level 16.3 Spellcasting
 - Level 19.0 Necromancy
 - Level 5.6 Translocations
 - Level 0.8 Transmutations
 O Level 27 Earth Magic
 - Level 3.1 Invocations
 - Level 7.1 Evocations


You had 16 spell levels left.
You knew the following spells:

 Your Spells              Type           Power        Failure   Level
b - Shatter               Erth           ########..   4%          9
c - Petrify               Tmut/Erth      ########     1%          4
d - Borgnjor's Vile Clut  Necr/Erth      ########..   0%          5
e - Passage of Golubria   Tloc           N/A          2%          4
f - Corpse Rot            Necr/Air       N/A          1%          2
g - Apportation           Tloc           ######       1%          1
h - Dispel Undead         Necr           ########     0%          4
r - Sublimation of Blood  Necr           ########..   0%          2
w - Passwall              Tmut/Erth      ########     0%          2
x - Stone Arrow           Conj/Erth      ######       1%          3
z - Lee's Rapid Deconstr  Erth           ########..   0%          5

Your spell library contained the following spells:

 Spells                   Type           Power        Failure   Level
 Animate Skeleton         Necr           ######       0%          1
 Pain                     Necr           ####         0%          1
 Sandblast                Erth           ######       0%          1
 Vampiric Draining        Necr           ########..   0%          3
 Animate Dead             Necr           ########..   0%          4
 Blink                    Tloc           N/A          1%          2
 Lesser Beckoning         Tloc           ######....   1%          3
 Teleport Other           Tloc           ######..     1%          3
 Leda's Liquefaction      Hex/Erth       ########..   1%          4
 Agony                    Necr           ########     1%          5
 Excruciating Wounds      Necr           ########..   1%          5
 Statue Form              Tmut/Erth      ########.    1%          6
 Corona                   Hex            ####...      2%          1
 Foxfire                  Conj/Fire      ####         2%          1
 Freeze                   Ice            ####         2%          1
 Magic Dart               Conj           ####         2%          1
 Sting                    Tmut/Pois      ####         2%          1
 Summon Small Mammal      Summ           ####         2%          1
 Wereblood                Tmut           ####....     2%          2
 Portal Projectile        Hex/Tloc       #####.       2%          3
 Call Imp                 Summ           ####....     4%          2
 Ensorcelled Hibernation  Hex/Ice        ####..       4%          2
 Poisonous Vapours        Pois/Air       ####..       4%          2
 Searing Ray              Conj           ####..       4%          2
 Slow                     Hex            ####....     4%          2
 Ignite Poison            Fire/Tmut/Pois ####....     7%          3
 Call Canine Familiar     Summ           ####....     8%          3
 Confusing Touch          Hex            ####....     8%          3
 Conjure Flame            Conj/Fire      ####....     8%          3
 Dazzling Flash           Conj/Hex       ####..       8%          3
 Inner Flame              Hex/Fire       ####....     8%          3
 Mephitic Cloud           Conj/Pois/Air  ####....     8%          3
 Static Discharge         Conj/Air       ####....     8%          3
 Summon Guardian Golem    Hex/Summ       ####....     8%          3
 Tukima's Dance           Hex            ####....     8%          3
 Iskenderun's Mystic Bla  Conj/Tloc      #####...     9%          4
 Simulacrum               Ice/Necr       ######....   9%          6
 Ice Form                 Ice/Tmut       ####....     22%         4
 Summon Forest            Summ/Tloc      #####.....   24%         5
 Cause Fear               Hex            ####......   26%         4
 Fulminant Prism          Conj/Hex       ####......   26%         4
 Hailstorm                Conj/Ice       ####....     26%         4
 Olgreb's Toxic Radiance  Pois           ####....     26%         4
 Summon Ice Beast         Ice/Summ       ####....     26%         4
 Alistair's Intoxication  Tmut/Pois      ####.....    52%         5
 Irradiate                Conj/Tmut      ####......   52%         5
 Yara's Violent Unravell  Hex/Tmut       ####......   52%         5
 Fireball                 Conj/Fire      ####......   58%         5
 Lightning Bolt           Conj/Air       ####......   58%         5
 Silence                  Hex/Air        ####......   58%         5
 Hydra Form               Tmut           ####......   96%         6
 Invisibility             Hex            ####....     99%         6
 Shadow Creatures         Summ           N/A          99%         6
 Starburst                Conj/Fire      ####......   99%         6
 Dragon Form              Tmut           ####......   100%        7
 Malign Gateway           Summ/Tloc      #####.....   100%        7
 Spellforged Servitor     Conj/Summ      ####......   100%        7
 Discord                  Hex            ####......   100%        8
 Ignition                 Fire           ####......   100%        8
 Dragon's Call            Summ           ####......   100%        9
 Tornado                  Air            ####......   100%        9


Dungeon Overview and Level Annotations

Branches:
Dungeon (15/15)            Temple (1/1) D:6            Lair (6/6) D:9
  Swamp (4/4) Lair:4       Spider (4/4) Lair:3        Slime (5/5) Lair:5
    Orc (2/2) D:12            Elf (3/3) Orc:2        Vaults (5/5) D:14
  Crypt (3/3) Vaults:3       Tomb (1/3) Crypt:3      Depths (0/5) D:15
  Sewer (visited)           IceCv (visited)          WizLab (visited)
Desolation (visited)      Gauntlet (visited)

Altars:
Ashenzari
Cheibriados
Fedhas
Gozag
Makhleb
Okawaru
Qazlal
Ru
Sif Muna
Trog
Uskayaw
Vehumet
Wu Jian
Xom
Yredelemnul
The Shining One
Beogh
Jiyva

Shops:
D:4 =[   D:9 ![[   D:14 *[}   Orc:1 ?   Orc:2 **=!:   Elf:1 =   Vaults:3 [
Vaults:5 !?

Annotations:
D:4 nice ring
D:11 exclusion: door
Spider:1 1 transporter
Elf:2 damnation here


Innate Abilities, Weirdness & Mutations

You are resistant to damage.
You can heal yourself by infusing magical energy.
You resist negative energy. (rN+)
You passively map a large area around you.
You do not regenerate.
You are partially covered in large bone plates. (SH +4)
Your magical capacity is low. (-10% MP)


Message History

You feel horribly lethargic.
You feel yourself slow down.
You regained 23 hp, and now have 67/237 hp.
You now have 39/57 mp.
Casting: Stone Arrow (safe; 1% risk of failure)
Confirm with . or Enter, or press ? or * to list all spells.
Aiming: Borgnjor's Vile Clutch (safe; 0% risk of failure)
Press: ? - help, Shift-Dir - straight line, f - death scarab
Aim: a death scarab You feel a surge of power!
Zombie hands grab the death scarab.
The zombie hands constrict the death scarab.
The death scarab struggles to escape constriction. x4
The death scarab escapes!
You now have 34/57 mp.
Casting: Borgnjor's Vile Clutch (safe; 0% risk of failure)
Confirm with . or Enter, or press ? or * to list all spells.
Aiming: Borgnjor's Vile Clutch (safe; 0% risk of failure)
Press: ? - help, Shift-Dir - straight line, f/p - death scarab
Aim: a death scarab (lightly damaged)
Okay, then.
Casting: Borgnjor's Vile Clutch (safe; 0% risk of failure)
Confirm with . or Enter, or press ? or * to list all spells.
Aiming: Borgnjor's Vile Clutch (safe; 0% risk of failure)
Press: ? - help, Shift-Dir - straight line, f/p - death scarab
Aim: a death scarab (lightly damaged)
You feel a surge of power!
Zombie hands grab the death scarab.
The zombie hands constrict the death scarab!
You block the death scarab's attack.
The death scarab struggles to escape constriction. x2
You block the death scarab's attack.
You now have 30/57 mp.
The zombie hands constrict the death scarab!!
You destroy the death scarab!
Makhleb accepts your kill.
You feel better.
A greater mummy comes into view.
You regained 9 hp, and now have 76/237 hp.
Casting: Borgnjor's Vile Clutch (safe; 0% risk of failure)
Confirm with . or Enter, or press ? or * to list all spells.
Press: ? - help, Shift-Dir - straight line, f - greater mummy
Aim: a greater mummy You feel a surge of power!
Zombie hands grab the greater mummy.
The zombie hands constrict the greater mummy!!
The greater mummy struggles to escape constriction. x2
You now have 27/57 mp.
Casting: Borgnjor's Vile Clutch (safe; 0% risk of failure)
Confirm with . or Enter, or press ? or * to list all spells.
You feel a surge of power!
The dungeon rumbles!
The greater mummy is moderately damaged.
The greater mummy is heavily damaged.
Ka-crash!
The zombie hands constrict the greater mummy!!
You hear a shout! x3
The greater mummy calls on the powers of darkness!
Your body is wracked with pain!
* * * LOW HITPOINT WARNING * * *
A greater mummy comes into view.
The greater mummy struggles to escape constriction.
You take 22 damage, and have 54/237 hp.
You now have 19/57 mp.
Casting: Shatter (dangerous; 4% risk of failure)
Confirm with . or Enter, or press ? or * to list all spells.
You draw magical energy from your own body!
The zombie hands constrict the greater mummy!
The greater mummy gestures at you while chanting.
Something smites you!
* * * LOW HITPOINT WARNING * * *
The greater mummy casts a spell. x2
A mummy comes into view.
You take 40 damage, and have 14/237 hp.
You regained 28 mp, and now have 47/57 mp.
Casting: Sublimation of Blood (safe; 0% risk of failure)
Confirm with . or Enter, or press ? or * to list all spells.
You feel a surge of power!
The dungeon rumbles!
You kill the red devil!
The emperor scorpion is heavily wounded.
The greater mummy is severely damaged.
The greater mummy is almost destroyed.
The greater mummy is heavily damaged.
The greater mummy is severely damaged.
You destroy the mummy!
Makhleb accepts your kill.
You feel better.
Ka-crash!
A greater mummy comes into view.
The zombie hands constrict the greater mummy!!
You hear a shout!
The greater mummy escapes!
The greater mummy pulls the alarm!
The alarm trap emits a blaring wail!
A sentinel's mark forms upon you.
A greater mummy comes into view.
The greater mummy gestures at you while chanting.
Something smites you!
* * * LOW HITPOINT WARNING * * *
The greater mummy casts a spell at you. Something smites you!
You die...

,, ,, , ##......# , , , ,,,
#.......#.... , , * *
,*#............ * * * , ^ ,
#.......M#M^^ ,, , ,,, ,
#....†..... * #....†.... * , ,,
#.......# .,, , , ##.......#.M..,
, * *** #.....@...# ** * ***
..........#........#.... ,,,
.........>##...s.....> . , ,
.#...........M.....#### ** **
................M..##############
.................................
........=........................
.................................
........†........................


You could see 5 greater mummies and an emperor scorpion (summoned).

Vanquished Creatures
  the Royal Jelly (Slime:5)
  4 ancient liches
  Mennas (Vaults:4)
  11 greater mummies (Tomb:1)
  The ghost of Wifidi Vyikh the Middleweight Champion, a veteran GrGl of Makhleb (Vaults:4)
  A golden dragon (Vaults:5)
  2 bone dragons (Crypt:3)
  A Hellbinder (WizLab)
  6 tentacled monstrosities
  Rupert (D:13)
  2 deep elf blademasters (Elf:3)
  4 titans (Vaults:5)
  2 deep elf master archers (Elf:3)
  2 liches (Crypt:3)
  The ghost of Yohl the Wrestler, an adept TrMo of Zin (Spider:3)
  2 quicksilver dragons (Vaults:5)
  Frances (Swamp:2)
  15 acid blobs
  4 ancient champions (Crypt:3)
  6 storm dragons
  A thorn hunter (Swamp:1)
  11 sphinxes
  6 shadow dragons
  Kirke (D:14)
  A revenant (Crypt:3)
  4 fire giants (Vaults:5)
  5 azure jellies
  5 frost giants (Vaults:5)
  A black sun (WizLab)
  2 orc warlords (Vaults:4)
  3 imperial myrmidons (Desolation)
  2 cacodemons (WizLab)
  3 ghost moths (Spider:4)
  2 balrugs (WizLab)
  14 vault wardens
  10 deep elf sorcerers
  3 emperor scorpions (Spider:4)
  14 ironheart preservers
  3 deep elf elementalists
  4 very ugly things
  2 entropy weavers
  3 vampire knights
  3 war gargoyles (Vaults:5)
  9 stone giants
  9 deep elf demonologists
  A lorocyproca (WizLab)
  A minotaur (Gauntlet)
  10 deep elf annihilators
  Azrael (Elf:2)
  A halazid warlock (Desolation)
  The ghost of Korodgh the Grappler, a journeyman TrTm of Qazlal (D:12)
  2 spark wasps (Spider:3)
  3 green deaths
  An eidolon (Crypt:3)
  6 deep elf death magi
  3 blizzard demons (WizLab)
  9 death oozes (Slime:5)
  3 ettins (Vaults:5)
  2 mummy priests (Tomb:1)
  2 crystal guardians (Desolation)
  2 fire dragons
  10 jiangshi
  6 deep elf high priests
  6 ragged hierophants (Desolation)
  11 ogre magi
  3 great orbs of eyes
  A quicksilver dragon skeleton (Crypt:1)
  6 yaktaur captains
  25 vault guards
  2 ice dragons
  2 shambling mangroves
  10 peacekeepers
  15 hydras
  8 servants of whispers (Desolation)
  5 centaur warriors
  7 death knights
  Erolcha (D:9)
  A merfolk avatar (Lair:6)
  2 ghost crabs (Swamp:4)
  A catoblepas (shapeshifter) (Vaults:5)
  23 dancing weapons
  A catoblepas (Lair:4)
  15 alligators
  2 tengu warriors
  11 death scarabs
  38 two-headed ogres
  2 thrashing horrors (Swamp:4)
  8 death yaks
  3 orc high priests
  2 deep troll earth magi (Vaults:5)
  A deep troll shaman (Vaults:5)
  5 vampire magi
  2 sun demons (WizLab)
  17 deep elf knights
  Urug (Lair:2)
  Sonja (Orc:2)
  A titan skeleton (Crypt:3)
  2 soul eaters (WizLab)
  13 skeletal warriors
  A sixfirhy (WizLab)
  3 shadow wraiths
  A sea snake (Lair:6)
  2 large abominations
  A sea snake (shapeshifter) (Vaults:5)
  4 unseen horrors
  8 swamp dragons
  11 deep trolls
  2 spriggan druids (Swamp:4)
  An anaconda zombie (Tomb:1)
  A flayed ghost (Crypt:3)
  4 wizards
  An iron giant skeleton (Crypt:3)
  13 deep elf archers
  A lindwurm (Lair:4)
  An orange crystal statue (Vaults:4)
  12 ironbrand convokers
  4 spectral wolf spiders
  49 deep elf magi
  A harpy (Lair:6)
  9 phantasmal warriors
  9 orb spiders
  4 wolf spider zombies
  4 necromancers
  24 wolf spiders
  An orb spider (shapeshifter) (Elf:3)
  2 orc sorcerers
  26 ugly things
  4 shining eyes
  A fire giant zombie (Crypt:1)
  8 orc knights
  7 oklob plants
  5 manticores
  A stone giant zombie (Crypt:1)
  4 moths of wrath
  8 cyclopes
  3 guardian serpents (Desolation)
  Maurice (D:9)
  An iron dragon skeleton (Tomb:1)
  5 black mambas
  A stone giant skeleton (Crypt:1)
  Joseph (D:7)
  A black mamba (shapeshifter) (Vaults:5)
  4 rust devils (WizLab)
  18 elephants
  3 ice statues (IceCv)
  2 torpor snails
  2 eyes of devastation
  2 molten gargoyles
  A gargoyle (D:13)
  7 vault sentinels
  3 spectral redbacks
  2 smoke demons (WizLab)
  29 cane toads
  Maggie (D:10)
  A hellion (WizLab)
  11 orange demons
  A sea snake zombie (Crypt:2)
  4 rime drakes
  4 kobold demonologists
  An emperor scorpion zombie (Crypt:3)
  8 demonic crawlers
  6 freezing wraiths
  14 komodo dragons
  8 ice devils
  15 yaktaurs
  2 small abominations (Elf:1)
  A hellwing (WizLab)
  5 tengu conjurers
  6 trolls
  A merfolk (shapeshifter) (Vaults:5)
  10 guardian mummies
  2 red devils (WizLab)
  A queen bee (Lair:4)
  8 spectral jumping spiders
  6 polar bears
  3 meliai (Lair:4)
  2 spectral tarantellas (Spider:4)
  A wind drake (shapeshifter) (Vaults:2)
  19 jumping spiders
  15 hornets
  A shadow dragon simulacrum (Crypt:1)
  60 saltlings
  8 tyrant leeches
  A raiju (Gauntlet)
  Prince Ribbit (D:8)
  8 bog bodies
  A fire giant simulacrum (Crypt:1)
  A snapping turtle (shapeshifter) (Vaults:5)
  A hippogriff (shapeshifter) (Vaults:5)
  25 blink frogs
  A harpy skeleton (Crypt:3)
  18 hippogriffs
  5 dream sheep (Lair:6)
  2 tarantella zombies (Spider:4)
  101 slime creatures
  2 jumping spider zombies (Spider:4)
  A shock serpent simulacrum (Crypt:1)
  69 redbacks
  Sigmund (D:2)
  2 air elementals (Elf:1)
  5 shadows
  43 tarantellas
  A tarantella (shapeshifter) (Elf:1)
  31 yaks
  3 water elementals (Elf:1)
  6 wyverns
  2 fire dragon skeletons (Crypt:3)
  4 ushabtiu (Tomb:1)
  A vampire (D:14)
  15 flying skulls
  9 wraiths
  2 ynoxinuls
  4 fire elementals (Elf:2)
  8 basilisks
  3 chaos spawn (WizLab)
  2 steam dragons (Gauntlet)
  3 neqoxecs (Gauntlet)
  A redback simulacrum (Spider:3)
  43 vampire mosquitoes
  8 swamp worms
  9 wargs
  16 insubstantial wisps
  3 acid dragons
  A warg (shapeshifter) (Vaults:2)
  14 water moccasins
  An infernal demonspawn zombie (Crypt:3)
  14 porcupines
  Duvessa (D:5)
  3 spectral hornets (Spider:4)
  2 hell hounds (Elf:2)
  28 orc warriors
  3 swamp drakes
  A tarantella simulacrum (Spider:3)
  2 sky beasts
  5 eyes of draining
  2 phantoms
  A snapping turtle zombie (Crypt:2)
  4 ice beasts
  5 black bears
  43 ogres
  54 wolves
  19 centaurs
  A manticore skeleton (Crypt:3)
  4 big kobolds
  19 crocodiles
  Blork the orc (D:5)
  19 bullfrogs
  4 earth elementals
  A glowing shapeshifter simulacrum (Vaults:1)
  A hornet simulacrum (Spider:3)
  An orb spider simulacrum (Spider:3)
  2 wyvern skeletons
  9 scorpions
  Dowan (D:5)
  37 killer bees
  7 howler monkeys
  9 wights
  A raiju skeleton (Crypt:2)
  A spriggan skeleton (Crypt:1)
  A centaur zombie (D:4)
  A draconian simulacrum (IceCv)
  A bullfrog skeleton (D:11)
  A quasit (D:6)
  A basilisk zombie (Crypt:3)
  2 bullfrog zombies
  6 hounds
  9 orc wizards
  2 jellies
  8 centaur skeletons
  22 orc priests
  3 iron imps (Gauntlet)
  Ijyb (D:4)
  3 iguanas
  A porcupine zombie (Crypt:3)
  2 troll simulacra (IceCv)
  6 worker ants
  2 spriggan simulacra (IceCv)
  A dwarf zombie (Crypt:2)
  A demigod zombie (Crypt:3)
  A tengu skeleton (Crypt:3)
  A hound zombie (D:11)
  A hound skeleton (D:6)
  18 mummies
  2 worker ant zombies
  3 naga simulacra (IceCv)
  2 ogre simulacra (IceCv)
  18 adders
  2 river rats (Sewer)
  A steam dragon skeleton (Crypt:2)
  4 shadow imps
  3 ufetubi
  An ooze (shapeshifter) (Vaults:5)
  An adder zombie (D:7)
  4 worms
  3 dart slugs (D:1)
  5 leopard geckos
  82 orcs
  11 giant cockroaches
  7 goblins
  7 hobgoblins
  7 jackals
  19 kobolds
  A quokka (D:9)
  2 ball pythons
  A ball python skeleton (Crypt:2)
  12 bats
  5 frilled lizards
  A jackal zombie (D:7)
  A leopard gecko skeleton (D:4)
  A quokka skeleton (D:6)
  9 rats
  A butterfly (D:6)
  11 crawling corpses
2161 creatures vanquished.

Vanquished Creatures (collateral kills)
  A hornet (Spider:4)
  A tarantella (Spider:4)
  An orc warrior (Orc:2)
  4 orcs (Orc:2)
7 creatures vanquished.

Vanquished Creatures (others)
  A spectral tarantella (Spider:3)
  A saltling (Desolation)
  A shadow (D:14)
  2 humans (D:14)
  111 fungi
  115 plants
  2 withered plants (Vaults:2)
233 creatures vanquished.

Grand Total: 2401 creatures vanquished

Notes
Turn   | Place    | Note
-------+----------+-------------------------------------------
     0 | D:1      | Irenicus the Deep Dwarf Earth Elementalist began the quest
                  | for the Orb.
     0 | D:1      | Reached XP level 1. HP: 15/15 MP: 3/3
   116 | D:1      | Reached XP level 2. HP: 22/22 MP: 0/4
   221 | D:1      | Reached skill level 5 in Earth Magic
   299 | D:1      | Learned a level 2 spell: Passwall
   338 | D:1      | Reached XP level 3. HP: 25/28 MP: 1/5
   537 | D:1      | Reached skill level 6 in Earth Magic
   632 | D:2      | Noticed Sigmund
   653 | D:2      | HP: 7/28 [something (6)]
   654 | D:2      | HP: 3/28 [something/magic dart (4)]
   662 | D:2      | Killed Sigmund
   662 | D:2      | Reached skill level 8 in Earth Magic
   662 | D:2      | Reached XP level 4. HP: 32/36 MP: 0/6
   662 | D:2      | Reached XP level 5. HP: 38/42 MP: 0/7
   682 | D:2      | Found a glowing golden altar of the Shining One.
   725 | D:2      | Found a broken altar of Ashenzari.
  1028 | D:2      | Found a sacrificial altar of Ru.
  1036 | D:2      | Reached skill level 9 in Earth Magic
  1036 | D:2      | Reached XP level 6. HP: 38/49 MP: 2/8
  1755 | D:4      | Noticed Ijyb
  1764 | D:4      | Killed Ijyb
  1770 | D:4      | Found Zaho's Antique Armour Shop.
  1783 | D:4      | Reached skill level 10 in Earth Magic
  1845 | D:4      | Found Rabbaw's Jewellery Emporium.
  1935 | D:4      | Found a glowing drain.
  1945 | Sewer    | Entered a sewer
  1951 | Sewer    | Reached XP level 7. HP: 35/55 MP: 5/9
  1969 | Sewer    | Learned a level 3 spell: Stone Arrow
  2022 | Sewer    | Found a white marble altar of Elyvilon.
  2173 | D:5      | Entered Level 5 of the Dungeon
  2189 | D:5      | Reached skill level 11 in Earth Magic
  2253 | D:5      | Reached skill level 12 in Earth Magic
  2283 | D:5      | Noticed Blork the orc
  2300 | D:5      | Killed Blork the orc
  2476 | D:5      | Reached XP level 8. HP: 29/62 MP: 8/10
  2553 | D:5      | Noticed Dowan
  2559 | D:5      | Killed Dowan
  2564 | D:5      | Reached skill level 13 in Earth Magic
  2569 | D:5      | Found a blossoming altar of Fedhas.
  2569 | D:5      | Noticed Duvessa
  2579 | D:5      | Killed Duvessa
  2716 | D:6      | Found a shimmering altar of Xom.
  2729 | D:6      | Reached skill level 14 in Earth Magic
  2739 | D:6      | Found a staircase to the Ecumenical Temple.
  2747 | Temple   | Entered the Ecumenical Temple
  2768 | Temple   | Became a worshipper of Makhleb the Destroyer
  3022 | D:6      | Gained mutation: You passively map the area around you.
                  | [Deep Dwarf growth]
  3022 | D:6      | Reached XP level 9. HP: 24/68 MP: 8/11
  3042 | D:6      | Reached skill level 2 in Spellcasting
  3042 | D:6      | Reached skill level 15 in Earth Magic
  3125 | D:6      | HP: 13/68 [centaur/arrow (5)]
  3276 | D:7      | Found a snail-covered altar of Cheibriados.
  3279 | D:7      | Found a broken altar of Ashenzari.
  3285 | D:7      | Found a stormy altar of Qazlal.
  3288 | D:7      | Found a basalt altar of Yredelemnul.
  3307 | D:7      | Reached skill level 3 in Dodging
  3311 | D:7      | Reached skill level 3 in Spellcasting
  3381 | D:7      | Noticed Joseph
  3398 | D:7      | Killed Joseph
  3398 | D:7      | Reached skill level 4 in Dodging
  3461 | D:7      | Reached * piety under Makhleb
  3575 | D:7      | Reached skill level 5 in Dodging
  3575 | D:7      | Reached skill level 4 in Spellcasting
  3660 | D:8      | Reached skill level 6 in Dodging
  3678 | D:8      | Reached skill level 1 in Armour
  3772 | D:8      | Reached skill level 2 in Armour
  3772 | D:8      | Reached skill level 5 in Spellcasting
  3847 | D:8      | Found an opulent altar of Gozag.
  3901 | D:8      | Noticed Prince Ribbit
  3905 | D:8      | Killed Prince Ribbit
  3905 | D:8      | Reached XP level 10. HP: 34/75 MP: 13/17
  4104 | D:6      | Reached skill level 3 in Armour
  4111 | D:6      | HP: 12/75 [centaur/arrow (11)]
  4206 | D:4      | Bought the ring "Dihaus" {rC+ MP+9 Str+5 Dex+3} for 508
                  | gold pieces
  4271 | D:8      | Gained mutation: Your spells are a little harder to cast,
                  | but a little more powerful. [potion of mutation]
  4271 | D:8      | Gained mutation: You have a pair of small antennae on your
                  | head. [potion of mutation]
  4271 | D:8      | Gained mutation: Your muscles are strong. (Str +2) [potion
                  | of mutation]
  4373 | D:9      | Found a staircase to the Lair.
  4373 | D:9      | Noticed Maurice
  4387 | D:9      | Found Jisagguo's Armour Emporium.
  4426 | D:9      | Found Purph's Armour Shop.
  4440 | D:9      | Bought a +0 cloak for 49 gold pieces
  4462 | D:9      | Found Vecs's Distillery.
  4508 | D:9      | Noticed a two-headed ogre
  4517 | D:9      | Reached ** piety under Makhleb
  4520 | D:9      | Killed a two-headed ogre
  4520 | D:9      | Reached skill level 4 in Armour
  4520 | D:9      | Reached skill level 6 in Spellcasting
  4525 | D:9      | Noticed Erolcha
  4534 | D:9      | Killed Erolcha
  4534 | D:9      | Reached skill level 5 in Armour
  4711 | D:9      | Killed Maurice
  4711 | D:9      | Reached skill level 7 in Dodging
  4711 | D:9      | Reached skill level 7 in Spellcasting
  4972 | D:10     | Entered Level 10 of the Dungeon
  4972 | D:10     | Noticed a two-headed ogre
  4979 | D:10     | Killed a two-headed ogre
  4979 | D:10     | Reached XP level 11. HP: 54/81 MP: 22/22
  4982 | D:10     | Killed an unseen horror
  4982 | D:10     | Reached skill level 8 in Dodging
  5130 | D:10     | Reached skill level 8 in Spellcasting
  5137 | D:10     | Learned a level 5 spell: Lee's Rapid Deconstruction
  5174 | D:10     | Noticed a two-headed ogre
  5183 | D:10     | Killed a two-headed ogre
  5183 | D:10     | Reached skill level 9 in Dodging
  5277 | D:10     | Noticed Maggie
  5283 | D:10     | Killed Maggie
  5283 | D:10     | Reached skill level 1 in Fighting
  5448 | D:10     | Identified the amulet "Feheam" {Spirit Slay+2}
  5464 | D:10     | You fall into a shaft and drop 2 floors!
  5468 | D:12     | Reached *** piety under Makhleb
  5487 | D:12     | Found a staircase to the Orcish Mines.
  5572 | D:12     | Found a gate leading to a gauntlet.
  5581 | Gauntlet | Entered a Gauntlet
  5581 | Gauntlet | Found a transporter.
  5581 | Gauntlet | Found a transporter.
  5581 | Gauntlet | Noticed a wizard
  5582 | Gauntlet | Found a transporter.
  5585 | Gauntlet | Found a transporter.
  5585 | Gauntlet | Found a transporter.
  5585 | Gauntlet | Found a transporter.
  5587 | Gauntlet | Found a large runed translucent door.
  5588 | Gauntlet | Found a large runed translucent door.
  5589 | Gauntlet | Found a large runed translucent door.
  5589 | Gauntlet | Found a large runed translucent door.
  5589 | Gauntlet | Found a runed translucent door.
  5590 | Gauntlet | Found a large runed translucent door.
  5592 | Gauntlet | Found a large runed translucent door.
  5592 | Gauntlet | Found a large runed translucent door.
  5592 | Gauntlet | Found a large runed translucent door.
  5593 | Gauntlet | Found a runed translucent gate.
  5594 | Gauntlet | Found a runed translucent gate.
  5595 | Gauntlet | Found a transporter.
  5596 | Gauntlet | Found a transporter.
  5598 | Gauntlet | Found a runed translucent gate.
  5598 | Gauntlet | Found a runed translucent door.
  5599 | Gauntlet | Found a transporter.
  5601 | Gauntlet | Noticed a cacodemon
  5604 | Gauntlet | Found a large runed translucent door.
  5604 | Gauntlet | Found a large runed translucent door.
  5605 | Gauntlet | Found a large runed translucent door.
  5606 | Gauntlet | Noticed a purple ugly thing
  5608 | Gauntlet | Found a transporter.
  5608 | Gauntlet | Noticed a great orb of eyes
  5609 | Gauntlet | Found a transporter.
  5618 | Gauntlet | Found a transporter.
  5687 | Gauntlet | Reached skill level 2 in Fighting
  5700 | Gauntlet | Got a glittering bone ring
  5702 | Gauntlet | Identified the ring "Kaom" {rC+ Dex+2} (You found it in a
                  | Gauntlet)
  5749 | Gauntlet | HP: 19/88 [disintegration (39)]
  5798 | Gauntlet | Identified the +3 fustibalus "Elucs" {freeze, Int+4}
  5798 | Gauntlet | Noticed a minotaur
  5801 | Gauntlet | Killed a minotaur
  5801 | Gauntlet | Reached skill level 3 in Fighting
  5801 | Gauntlet | Reached skill level 9 in Spellcasting
  5819 | Gauntlet | Got a bloodstained buckler
  5819 | Gauntlet | Got a wavering steel amulet
  5824 | Gauntlet | Irenicus: ?? cacodemo
  5824 | Gauntlet | beem: cacodemo ~ cacodemon[1/2]: Shows up as a 2. They
                  | mutate, confuse, slow, and attack with inaccurate,
                  | irresistable bolts of energy.
  5829 | Gauntlet | Identified the +1 buckler of the Untouchables {rPois rN++
                  | Dex-4 Stlth+} (You found it in a Gauntlet)
  5849 | D:12     | Noticed a brown ugly thing
  5852 | D:12     | Noticed a brown ugly thing
  5859 | D:12     | Killed a brown ugly thing
  5863 | D:12     | Killed a brown ugly thing
  5863 | D:12     | Reached skill level 4 in Fighting
  5914 | D:11     | Irenicus: ?? ranged
  5914 | D:11     | beem: ranged combat[1/3]: Launcher damage and delay works
                  | essentially the same way melee damage does.
  5914 | D:11     | Irenicus: ?? ranged [2
  5914 | D:11     | beem: ranged combat[2/3]: Nobody understood ranged combat.
  5914 | D:11     | Irenicus: ?? ranged [3
  5914 | D:11     | beem: ranged combat[3/3]: Nobody understands ranged combat
                  | now, either.
  5958 | D:11     | Noticed a death knight
  5958 | D:11     | Noticed a phantasmal warrior
  5972 | D:11     | Killed a phantasmal warrior
  5972 | D:11     | Reached **** piety under Makhleb
  5972 | D:11     | Reached skill level 1 in Shields
  5976 | D:11     | Found a large runed translucent door.
  5976 | D:11     | Found a large runed translucent door.
  5976 | D:11     | Found a frozen archway.
  5976 | D:11     | Noticed a purple ugly thing
  5979 | D:11     | Noticed a centaur warrior
  5990 | D:11     | Reached skill level 2 in Shields
  5999 | D:11     | Noticed a skeletal warrior
  6003 | IceCv    | Entered an ice cave
  6039 | IceCv    | Identified the amulet "Neittimi" {Reflect Dex+2 SH+5} (You
                  | found it in a Gauntlet)
  6048 | IceCv    | Reached skill level 3 in Shields
  6122 | IceCv    | Reached XP level 12. HP: 100/100 MP: 23/25
  6196 | IceCv    | Reached skill level 4 in Shields
  6221 | IceCv    | Identified the +8 flail "Goblinbane" {venom, rPois rF+
                  | Int+2}
  6264 | IceCv    | Reached skill level 10 in Spellcasting
  6504 | D:11     | HP: 24/100 [cyclops/large rock (10)]
  6509 | D:11     | HP: 2/100 [cyclops/large rock (18)]
  6549 | D:9      | Bought a potion of heal wounds for 80 gold pieces
  6549 | D:9      | Bought a potion of heal wounds for 80 gold pieces
  6549 | D:9      | Bought a potion of heal wounds for 80 gold pieces
  6603 | Lair:1   | Entered Level 1 of the Lair of Beasts
  6623 | Lair:1   | Learned a level 4 spell: Petrify
  6641 | Lair:1   | Reached skill level 16 in Earth Magic
  6685 | Lair:1   | Noticed a four-headed hydra
  6704 | Lair:1   | Killed a four-headed hydra
  6739 | Lair:1   | HP: 12/100 [black mamba (11)]
  7060 | Lair:1   | Reached skill level 17 in Earth Magic
  7099 | Lair:1   | Reached ***** piety under Makhleb
  7231 | Lair:2   | Noticed Urug
  7244 | Lair:2   | Killed Urug
  7272 | Lair:2   | Reached skill level 18 in Earth Magic
  7305 | Lair:2   | Noticed a six-headed hydra
  7310 | Lair:2   | Killed a six-headed hydra
  7417 | Lair:2   | Reached XP level 13. HP: 106/106 MP: 13/27
  7599 | Lair:2   | Reached skill level 19 in Earth Magic
  7603 | Lair:2   | Reached skill level 5 in Fighting
  8008 | Lair:4   | Found a staircase to the Swamp.
  8074 | Lair:4   | Reached ****** piety under Makhleb
  8074 | Lair:4   | Reached skill level 6 in Fighting
  8273 | Lair:4   | Reached skill level 7 in Fighting
  8375 | Lair:4   | Reached skill level 20 in Earth Magic
  8527 | Lair:4   | Reached skill level 10 in Dodging
  8681 | Lair:4   | Gained mutation: You resist negative energy. (rN+) [Deep
                  | Dwarf growth]
  8681 | Lair:4   | Reached XP level 14. HP: 103/123 MP: 18/28
  9041 | Lair:5   | Reached skill level 1 in Evocations
  9103 | Lair:5   | Found a runed translucent door.
  9104 | Lair:5   | Found a viscous altar of Jiyva.
  9105 | Lair:5   | Noticed an acid blob
  9106 | Lair:5   | Found a staircase to the Slime Pits.
  9257 | Lair:6   | Entered Level 6 of the Lair of Beasts
  9274 | Lair:6   | Reached skill level 2 in Evocations
  9304 | Lair:6   | Reached skill level 3 in Evocations
  9334 | Lair:6   | HP: 28/123 [komodo dragon (22)]
  9336 | Lair:6   | Reached skill level 4 in Evocations
  9386 | Lair:6   | Reached skill level 21 in Earth Magic
  9426 | Lair:6   | Reached skill level 5 in Evocations
  9490 | Lair:6   | Reached skill level 11 in Spellcasting
  9618 | Lair:6   | Got a crude mace
  9636 | Lair:6   | Identified the +3 mace of Hecasuv {vorpal, rPois} (You
                  | found it on level 6 of the Lair of Beasts)
  9676 | Lair:6   | Reached skill level 11 in Dodging
  9805 | Lair:6   | Reached skill level 12 in Dodging
  9964 | Lair:5   | Killed an acid blob
  9964 | Lair:5   | Reached XP level 15. HP: 113/129 MP: 28/30
 10003 | Lair:3   | Found a hole to the Spider Nest.
 10187 | Lair:3   | Reached skill level 6 in Armour
 10632 | D:9      | Bought the +1 helmet "Olengaos" {+Fly rN+} for 273 gold
                  | pieces
 11244 | D:12     | Found a runed translucent gate.
 11244 | D:12     | Found a runed translucent gate.
 11244 | D:12     | Found a runed translucent gate.
 11248 | D:12     | Noticed Korodgh's ghost (journeyman TrTm)
 11258 | D:12     | Killed Korodgh's ghost
 11319 | D:12     | Reached skill level 7 in Armour
 11504 | D:12     | Reached skill level 8 in Fighting
 11781 | D:13     | Reached skill level 8 in Armour
 11805 | D:13     | Noticed Rupert
 11820 | D:13     | Paralysed by Rupert for 5 turns
 11877 | D:13     | Killed Rupert
 11957 | D:13     | Reached skill level 9 in Fighting
 12110 | D:14     | Identified the +1 leather armour "Monar" {Rampage rN+
                  | Str-3} (You found it on level 14 of the Dungeon)
 12124 | D:14     | Found a glowing golden altar of the Shining One.
 12152 | D:14     | Reached skill level 9 in Armour
 12242 | D:14     | Noticed Kirke
 12257 | D:14     | Killed Kirke
 12269 | D:14     | Found Juazesau's Gadget Shop.
 12324 | D:14     | Reached skill level 10 in Armour
 12340 | D:14     | Reached skill level 10 in Fighting
 12377 | D:14     | Found a gate to the Vaults.
 12473 | D:14     | Found Kiawil's Antique Armour Emporium.
 12476 | D:14     | Found Pulia's General Store.
 12501 | D:14     | Learned a level 1 spell: Apportation
 12591 | D:14     | Learned a level 9 spell: Shatter
 12620 | D:15     | Entered Level 15 of the Dungeon
 12689 | D:15     | Reached skill level 1 in Translocations
 12709 | D:15     | Reached skill level 2 in Translocations
 12722 | D:15     | Reached skill level 3 in Translocations
 12832 | D:15     | Reached XP level 16. HP: 146/146 MP: 31/31
 13030 | D:15     | Found a staircase to the Depths.
 13135 | D:15     | Got a dazzling cloak
 13146 | D:15     | Identified the +0 cloak "Esaqoar" {Dex+4} (You found it on
                  | level 15 of the Dungeon)
 13256 | Orc:1    | Entered Level 1 of the Orcish Mines
 13441 | Orc:1    | Found Ycrorexu's Magic Scroll Emporium.
 13453 | Orc:1    | Bought a scroll of teleportation for 42 gold pieces
 13605 | Orc:2    | Entered Level 2 of the Orcish Mines
 13638 | Orc:2    | Reached skill level 1 in Invocations
 13687 | Orc:2    | Found Jeil's Book Shoppe.
 13745 | Orc:2    | Reached skill level 2 in Invocations
 13812 | Orc:2    | Found a staircase to the Elven Halls.
 13834 | Orc:2    | Reached skill level 3 in Invocations
 13842 | Orc:2    | Reached skill level 22 in Earth Magic
 13962 | Orc:2    | Found Lalel's Jewellery Shoppe.
 13963 | Orc:2    | Found Amycro's Distillery.
 13963 | Orc:2    | Found Vasicota's General Store.
 13963 | Orc:2    | Found Zaotoluw's General Store.
 13964 | Orc:2    | Noticed Sonja
 14013 | Orc:2    | Killed Sonja
 14127 | Orc:2    | Bought a book of Dreams for 825 gold pieces
 14133 | Orc:2    | Learned a level 5 spell: Borgnjor's Vile Clutch
 14179 | Elf:1    | Entered Level 1 of the Elven Halls
 14195 | Elf:1    | Reached skill level 1 in Necromancy
 14263 | Elf:1    | Reached skill level 2 in Necromancy
 14304 | Elf:1    | Reached skill level 23 in Earth Magic
 14308 | Elf:1    | Reached skill level 3 in Necromancy
 14310 | Elf:1    | Reached skill level 4 in Necromancy
 14346 | Elf:1    | Found a runed translucent gate.
 14346 | Elf:1    | Found a runed translucent gate.
 14346 | Elf:1    | Found a runed translucent gate.
 14346 | Elf:1    | Found a runed translucent gate.
 14346 | Elf:1    | Found a runed translucent gate.
 14347 | Elf:1    | Found a runed translucent gate.
 14347 | Elf:1    | Noticed a storm dragon
 14347 | Elf:1    | Noticed a shadow dragon
 14400 | Elf:1    | Killed a shadow dragon
 14400 | Elf:1    | Reached skill level 5 in Necromancy
 14418 | Elf:1    | Killed a storm dragon
 14450 | Elf:1    | Found a radiant altar of Vehumet.
 14552 | Elf:1    | Reached skill level 6 in Necromancy
 14557 | Elf:1    | Reached XP level 17. HP: 153/153 MP: 10/32
 14560 | Elf:1    | Found Foxeceg's Jewellery Boutique.
 14564 | Elf:1    | Bought the ring "Pecopniv" {*Contam rElec rCorr Str-3
                  | Dex+10} for 775 gold pieces
 15051 | Orc:2    | Bought a book of Death for 770 gold pieces
 15054 | Orc:2    | Learned a level 2 spell: Sublimation of Blood
 15189 | Elf:2    | Found a magical portal.
 15191 | WizLab   | Entered The Hall of the Hellbinder
 15211 | WizLab   | Reached skill level 7 in Necromancy
 15238 | WizLab   | HP: 34/153 [something (20)]
 15240 | WizLab   | HP: 8/153 [something (32)]
 15248 | WizLab   | Reached skill level 8 in Necromancy
 15248 | WizLab   | Reached skill level 24 in Earth Magic
 15250 | WizLab   | HP: 38/153 [sun demon (12)]
 15370 | WizLab   | HP: 35/153 [balrug/divine providence (7)]
 15375 | WizLab   | HP: 29/153 [balrug/fireball (4)]
 15378 | WizLab   | Gained mutation: Your magical capacity is low. (-10% MP) [a
                  | cacodemon]
 15379 | WizLab   | Gained mutation: Scrolls take you a little longer to read.
                  | [a cacodemon]
 15382 | WizLab   | Gained mutation: You are frail. (-10% HP) [a cacodemon]
 15411 | WizLab   | Found a burning altar of Makhleb.
 15421 | WizLab   | Noticed Qetut
 15429 | WizLab   | Noticed a Tzitzimitl
 15429 | WizLab   | Killed Qetut the Hellbinder
 15429 | WizLab   | Reached skill level 9 in Necromancy
 15455 | WizLab   | Identified the Compendium of Creation
 15508 | Elf:2    | Noticed Azrael
 15521 | Elf:2    | Killed Azrael
 15531 | Elf:2    | Found a ruined gateway.
 15554 | Desolati | Entered the Desolation of Salt
 15597 | Desolati | HP: 34/137 [ragged hierophant/a resonance strike (5)]
 15602 | Desolati | Reached skill level 10 in Necromancy
 15602 | Desolati | HP: 23/137 [ragged hierophant/a resonance strike (20)]
 15662 | Desolati | Reached skill level 11 in Necromancy
 15669 | Desolati | Reached skill level 25 in Earth Magic
 15700 | Desolati | Got a faintly glowing great sword
 15706 | Desolati | Identified the +6 great sword "Guyb" {spect, rN+ SInv} (You
                  | found it in the Desolation of Salt)
 15708 | Desolati | Got a fine whip
 15709 | Desolati | Identified the +11 whip "Nacev" {vorpal, Str+8 Dex-4} (You
                  | found it in the Desolation of Salt)
 15724 | Desolati | Gained mutation: You passively map a large area around you.
                  | [Deep Dwarf growth]
 15724 | Desolati | Reached XP level 18. HP: 144/144 MP: 21/29
 15860 | Desolati | Found the +6 arbalest "Damnation" {damnation}
 15868 | Desolati | Identified the Tome of Summoning
 15875 | Desolati | Identified the ring "Boabirygru" {*Tele Str+6} (You found
                  | it in the Desolation of Salt)
 16051 | Desolati | Identified the Compendium of Quantum Poison
 16053 | Desolati | Got a warped jade ring
 16055 | Desolati | Identified the cursed ring "Zadueggiff" {rC+ AC-4 Str+7
                  | Slay+3} (You found it in the Desolation of Salt)
 16061 | Desolati | Got a brightly glowing ring mail
 16072 | Desolati | Identified the +1 ring mail "Nelucw" {*Slow Regen+ rCorr
                  | Stlth+} (You found it in the Desolation of Salt)
 16120 | Desolati | Learned a level 4 spell: Passage of Golubria
 16175 | Elf:2    | Lost mutation: Your muscles are strong. (Str +2) [potion of
                  | mutation]
 16175 | Elf:2    | Lost mutation: Your magical capacity is low. (-10% MP)
                  | [potion of mutation]
 16175 | Elf:2    | Lost mutation: Scrolls take you a little longer to read.
                  | [potion of mutation]
 16175 | Elf:2    | Gained mutation: Your body sometimes deteriorates upon
                  | taking damage. [potion of mutation]
 16175 | Elf:2    | Gained mutation: Armour fits poorly on your strangely
                  | shaped body. [potion of mutation]
 16175 | Elf:2    | Gained mutation: You can translocate small distances at
                  | will. [potion of mutation]
 16175 | Elf:2    | Gained mutation: Your spells are harder to cast, but more
                  | powerful. [potion of mutation]
 16176 | Elf:2    | Lost mutation: You are frail. (-10% HP) [potion of
                  | mutation]
 16176 | Elf:2    | Lost mutation: Your body sometimes deteriorates upon taking
                  | damage. [potion of mutation]
 16176 | Elf:2    | Lost mutation: Armour fits poorly on your strangely shaped
                  | body. [potion of mutation]
 16176 | Elf:2    | Lost mutation: You can translocate small distances at will.
                  | [potion of mutation]
 16176 | Elf:2    | Gained mutation: You are robust. (+10% HP) [potion of
                  | mutation]
 16176 | Elf:2    | Gained mutation: Your mind is acute. (Int +2) [potion of
                  | mutation]
 16204 | Elf:2    | Found a huge runed translucent gate.
 16204 | Elf:2    | Found a huge runed translucent gate.
 16204 | Elf:2    | Found a huge runed translucent gate.
 16208 | Elf:2    | Found a huge runed translucent gate.
 16212 | Elf:2    | Reached skill level 12 in Necromancy
 16218 | Elf:2    | Found a huge runed translucent gate.
 16770 | Elf:3    | Entered Level 3 of the Elven Halls
 16820 | Elf:3    | Found a flickering gateway to a bazaar.
 16829 | Bazaar   | Entered a bazaar
 16833 | Bazaar   | Found Koef's Assorted Antiques.
 16852 | Bazaar   | Found Ymineicw's Antique Weapon Shoppe.
 16870 | Bazaar   | Found Gailoecu's Book Boutique.
 16887 | Bazaar   | Found Qiskus's Antique Armour Emporium.
 16973 | Elf:3    | Noticed a Hell Sentinel
 16974 | Elf:3    | Reached skill level 13 in Necromancy
 16974 | Elf:3    | Reached skill level 12 in Spellcasting
 16985 | Elf:3    | Reached skill level 14 in Necromancy
 16987 | Elf:3    | Noticed an Ice Fiend
 16991 | Elf:3    | Noticed a Hell Sentinel
 16992 | Elf:3    | Reached XP level 19. HP: 184/184 MP: 15/35
 17033 | Elf:3    | Identified the cursed +0 robe of Lucidity {rF- Slay+6}
 17042 | Elf:3    | Identified the +8 plate armour of the Storm King {*Drain
                  | rF+ Str+4} (You found it on level 3 of the Elven Halls)
 17044 | Elf:3    | Identified the Disquisition on the Entourage and Cold
 17077 | Elf:3    | Identified the Catalogue of Ignition
 17087 | Elf:3    | Got an iridescent dire flail
 17099 | Elf:3    | Got a crystal mace
 17099 | Elf:3    | Got a glimmering scimitar
 17100 | Elf:3    | Identified the +6 mace of the Known World {vorpal, rF-
                  | Str+6} (You found it on level 3 of the Elven Halls)
 17101 | Elf:3    | Identified the +4 scimitar "Xuros" {vorpal, +Blink Int-3
                  | SInv Stlth+} (You found it on level 3 of the Elven Halls)
 17118 | Elf:3    | Identified the cursed +1 mace of the Maze {drain, *Noise
                  | rPois rN+++ Stlth+}
 17147 | Elf:3    | Identified the +3 plate armour "Ubleh" {+Blink Str+3 Int+3}
                  | (You found it on level 3 of the Elven Halls)
 17293 | Elf:3    | Reached skill level 13 in Spellcasting
 17510 | Orc:2    | Learned a level 2 spell: Corpse Rot
 17515 | Orc:2    | Learned a level 4 spell: Dispel Undead
 17568 | D:11     | Found an iron altar of Okawaru.
 17569 | D:11     | Found an iron altar of Okawaru.
 17576 | D:11     | Got a faintly humming robe
 17714 | D:10     | Reached skill level 4 in Translocations
 17901 | Spider:1 | Entered Level 1 of the Spider Nest
 17957 | Spider:1 | Found a transporter.
 17960 | Spider:1 | Found the +5 scythe "Finisher" {speed, eviscerate}
 18014 | Spider:1 | Found a transporter.
 18015 | Spider:1 | Reached skill level 5 in Translocations
 18073 | Spider:1 | Got an ancient tin ring
 18073 | Spider:1 | Got a serpentine jade ring
 18075 | Spider:1 | Identified the ring of Xeunymn {rF- rN+ EV+4 Int+5} (You
                  | found it on level 1 of the Spider Nest)
 18077 | Spider:1 | Identified the ring of Gegim {rN+ Int+6} (You found it on
                  | level 1 of the Spider Nest)
 18384 | Spider:3 | Reached skill level 26 in Earth Magic
 18402 | Spider:3 | Found the +9 staff of Wucad Mu {channel}
 18451 | Spider:4 | Entered Level 4 of the Spider Nest
 18571 | Spider:4 | Reached skill level 6 in Evocations
 18613 | Spider:4 | Reached skill level 7 in Evocations
 18613 | Spider:4 | Reached XP level 20. HP: 193/193 MP: 20/37
 18616 | Spider:4 | Reached skill level 27 in Earth Magic
 18627 | Spider:4 | Got a gossamer rune of Zot
 18793 | Spider:3 | Found a runed translucent gate.
 18794 | Spider:3 | Found a runed translucent gate.
 18794 | Spider:3 | Noticed Yohl's ghost (adept TrMo)
 18795 | Spider:3 | Found a runed translucent gate.
 18808 | Spider:3 | Killed Yohl's ghost
 18813 | Spider:3 | Reached skill level 7 in Shields
 18813 | Spider:3 | Reached XP level 21. HP: 166/201 MP: 24/38
 19042 | Swamp:1  | Entered Level 1 of the Swamp
 19045 | Swamp:1  | Reached skill level 15 in Necromancy
 19164 | Swamp:2  | Noticed Frances
 19169 | Swamp:2  | Killed Frances
 19209 | Swamp:4  | Entered Level 4 of the Swamp
 19240 | Swamp:4  | Reached skill level 14 in Spellcasting
 19253 | Swamp:4  | Reached skill level 16 in Necromancy
 19475 | Swamp:4  | Got a decaying rune of Zot
 19888 | Slime:1  | Entered Level 1 of the Pits of Slime
 19906 | Slime:2  | Gained mutation: Your magical capacity is low. (-10% MP) [a
                  | shining eye]
 19927 | Slime:2  | Lost mutation: Your spells are harder to cast, but more
                  | powerful. [mutagenic glow]
 20033 | Slime:4  | Reached skill level 17 in Necromancy
 20051 | Slime:4  | Reached skill level 15 in Spellcasting
 20069 | Slime:4  | Found a viscous altar of Jiyva.
 20075 | Slime:5  | Entered Level 5 of the Pits of Slime
 20085 | Slime:5  | Gained mutation: Your magical capacity is very low. (-20%
                  | MP) [a shining eye]
 20091 | Slime:5  | Reached XP level 22. HP: 207/209 MP: 21/32
 20185 | Slime:5  | Noticed the Royal Jelly
 20206 | Slime:5  | HP: 42/209 [acid blob (11)]
 20208 | Slime:5  | Killed the Royal Jelly
 20214 | Slime:5  | HP: 52/209 [acid blob/splash of acid (3)]
 20317 | Slime:5  | Got a slimy rune of Zot
 20326 | Slime:5  | Identified the +1 chain mail of Ruwnaoq {MP+9} (You found
                  | it on level 5 of the Pits of Slime)
 20334 | Slime:5  | Reached skill level 18 in Necromancy
 20334 | Slime:5  | Reached XP level 23. HP: 114/217 MP: 6/34
 20447 | Slime:3  | HP: 39/217 [something (7)]
 20647 | Vaults:1 | Entered Level 1 of the Vaults
 20724 | Vaults:2 | Reached skill level 16 in Spellcasting
 20892 | Vaults:4 | Reached skill level 19 in Necromancy
 20989 | Vaults:4 | Noticed Mennas
 20996 | Vaults:4 | Reached skill level 13 in Dodging
 21000 | Vaults:4 | HP: 49/217 [Mennas/+4 trishula of holy wrath (40)]
 21001 | Vaults:4 | HP: 16/217 [Mennas/+4 trishula of holy wrath (19)]
 21220 | Vaults:4 | Found a runed translucent gate.
 21220 | Vaults:4 | Found a runed translucent gate.
 21220 | Vaults:4 | Found a runed translucent gate.
 21223 | Vaults:4 | Identified the +3 chain mail of the Frog {MP+9}
 21224 | Vaults:4 | Noticed Wifidi Vyikh's ghost (veteran GrGl)
 21233 | Vaults:4 | Reached skill level 11 in Armour
 21233 | Vaults:4 | Found a roughly hewn altar of Beogh.
 21240 | Vaults:4 | Killed Wifidi Vyikh's ghost
 21259 | Vaults:4 | Identified the +0 pair of gloves of Zeoll {rPois rF- MP+9
                  | Int+2 SInv} (You found it on level 4 of the Vaults)
 21308 | Vaults:5 | Entered Level 5 of the Vaults
 21309 | Vaults:5 | Reached skill level 14 in Dodging
 21309 | Vaults:5 | Reached XP level 24. HP: 226/226 MP: 33/34
 21309 | Vaults:5 | Reached skill level 12 in Armour
 21330 | Vaults:5 | Reached skill level 13 in Armour
 21335 | Vaults:5 | Reached skill level 15 in Dodging
 21341 | Vaults:5 | Noticed an ancient lich
 21346 | Vaults:5 | Killed an ancient lich
 21346 | Vaults:5 | Reached skill level 14 in Armour
 21349 | Vaults:5 | Reached skill level 16 in Dodging
 21351 | Vaults:5 | Identified the +1 leather armour "Fosaub" {rPois}
 21355 | Vaults:5 | Identified the +10 rapier of the Desolation of Salt
                  | {vorpal, rN+}
 21361 | Vaults:5 | Reached skill level 15 in Armour
 21381 | Vaults:5 | Reached skill level 17 in Dodging
 21388 | Vaults:5 | Reached XP level 25. HP: 233/233 MP: 20/34
 21524 | Vaults:5 | Got a spiked ring mail
 21525 | Vaults:5 | Identified the +2 ring mail "Koiseih" {Harm rCorr Dex+4}
                  | (You found it on level 5 of the Vaults)
 21565 | Vaults:5 | Identified the +3 chain mail "Ymezxiaz" {rElec rN+ Int+4
                  | Stlth+} (You found it on level 5 of the Vaults)
 21590 | Vaults:5 | Found Ukkomob's Magic Scroll Boutique.
 21598 | Vaults:5 | Bought a scroll of acquirement for 572 gold pieces
 21598 | Vaults:5 | Acquired the +2 hat "Viomeiza" {*Contam rN+ rCorr Dex+4}
 21625 | Vaults:5 | Found Duojuif's Distillery.
 21631 | Vaults:5 | Bought a potion of heal wounds for 90 gold pieces
 21631 | Vaults:5 | Bought a potion of heal wounds for 90 gold pieces
 21631 | Vaults:5 | Bought 2 potions of haste for 360 gold pieces
 21631 | Vaults:5 | Bought a potion of haste for 180 gold pieces
 21650 | Vaults:5 | Got a silver rune of Zot
 21730 | Vaults:5 | Identified the ring "Huschasm" {Str+3 Int+4 Dex+6} (You
                  | found it on level 5 of the Vaults)
 21759 | Vaults:5 | Lost mutation: You are robust. (+10% HP) [potion of
                  | mutation]
 21759 | Vaults:5 | Lost mutation: Your spells are a little harder to cast, but
                  | a little more powerful. [potion of mutation]
 21759 | Vaults:5 | Lost mutation: Your mind is acute. (Int +2) [potion of
                  | mutation]
 21759 | Vaults:5 | Gained mutation: Your mind is acute. (Int +2) [potion of
                  | mutation]
 21759 | Vaults:5 | Gained mutation: You are partially covered in large bone
                  | plates. (SH +4) [potion of mutation]
 21760 | Vaults:5 | Lost mutation: Your mind is acute. (Int +2) [potion of
                  | mutation]
 21760 | Vaults:5 | Lost mutation: You have a pair of small antennae on your
                  | head. [potion of mutation]
 21760 | Vaults:5 | Lost mutation: Your magical capacity is very low. (-20% MP)
                  | [potion of mutation]
 21760 | Vaults:5 | Gained mutation: You are clumsy. (Dex -2) [potion of
                  | mutation]
 21760 | Vaults:5 | Lost mutation: You are clumsy. (Dex -2) [potion of
                  | mutation]
 21761 | Vaults:5 | Acquired 595 gold pieces
 21762 | Vaults:5 | Identified the cursed +1 plate armour of the Thistle {rC+
                  | Regen+ Str+5} (You found it on level 5 of the Vaults)
 21780 | Vaults:5 | Got a shimmering platinum amulet
 21791 | Vaults:5 | Identified the amulet "Rutwowy" {*Slow rElec rPois rN+
                  | Regen+} (You found it on level 5 of the Vaults)
 21850 | Vaults:5 | Identified the Volume of Congealing Transmigration
 22052 | Vaults:4 | Killed Mennas
 22052 | Vaults:4 | Reached skill level 16 in Armour
 22074 | Vaults:4 | Got a pair of polished gloves
 22085 | Vaults:4 | Identified the +1 pair of gloves "Qevenul" {Str+6 Dex+4}
                  | (You found it on level 4 of the Vaults)
 22264 | Vaults:3 | Found Biofism's Armour Emporium.
 22281 | Vaults:3 | Found a staircase to the Crypt.
 22292 | Crypt:1  | Entered Level 1 of the Crypt
 22304 | Crypt:1  | Reached skill level 18 in Dodging
 22378 | Crypt:3  | Entered Level 3 of the Crypt
 22428 | Crypt:3  | Reached skill level 17 in Armour
 22439 | Crypt:3  | Noticed an ancient lich
 22441 | Crypt:3  | Killed an ancient lich
 22457 | Crypt:3  | Identified the +0 cloak of Leehatza {Harm +Fly Str-4 SInv}
                  | (You found it on level 3 of the Crypt)
 22474 | Crypt:3  | Noticed an ancient lich
 22479 | Crypt:3  | Killed an ancient lich
 22479 | Crypt:3  | Reached skill level 19 in Dodging
 22628 | Crypt:3  | Noticed an ancient lich
 22631 | Crypt:3  | Killed an ancient lich
 22672 | Crypt:2  | Reached skill level 18 in Armour
 22802 | Crypt:3  | Found a staircase to the Tomb.
 22809 | Tomb:1   | Entered Level 1 of the Tomb of the Ancients
 22862 | Tomb:1   | Acquired the +0 pair of boots of Defence {MP+9}
 22893 | Tomb:1   | Noticed a greater mummy
 22895 | Tomb:1   | Noticed a greater mummy
 22896 | Tomb:1   | Noticed a greater mummy
 22897 | Tomb:1   | Killed a greater mummy
 22899 | Tomb:1   | Killed a greater mummy
 22899 | Tomb:1   | Reached skill level 11 in Fighting
 22899 | Tomb:1   | Killed a greater mummy
 22900 | Tomb:1   | Reached XP level 26. HP: 120/226 MP: 15/39
 22902 | Tomb:1   | Noticed a greater mummy
 22905 | Tomb:1   | Reached skill level 12 in Fighting
 22906 | Tomb:1   | Killed a greater mummy
 22906 | Tomb:1   | Noticed a greater mummy
 22910 | Tomb:1   | Killed a greater mummy
 22910 | Tomb:1   | Noticed a greater mummy
 22914 | Tomb:1   | Killed a greater mummy
 22914 | Tomb:1   | HP: 57/231 [something (12)]
 22927 | Tomb:1   | Noticed a greater mummy
 22929 | Tomb:1   | HP: 39/231 [greater mummy/divine providence (17)]
 22932 | Tomb:1   | Killed a greater mummy
 22932 | Tomb:1   | Reached skill level 13 in Fighting
 22953 | Tomb:1   | Noticed a greater mummy
 22956 | Tomb:1   | HP: 39/234 [torment (24)]
 22966 | Tomb:1   | Killed a greater mummy
 22971 | Tomb:1   | Noticed a greater mummy
 22975 | Tomb:1   | Killed a greater mummy
 22975 | Tomb:1   | HP: 50/234 [something (25)]
 22981 | Tomb:1   | Noticed a greater mummy
 22986 | Tomb:1   | Killed a greater mummy
 22986 | Tomb:1   | HP: 47/236 [something (14)]
 22988 | Tomb:1   | Noticed a greater mummy
 23050 | Tomb:1   | Noticed a greater mummy
 23055 | Tomb:1   | HP: 44/236 [greater mummy/divine providence (14)]
 23057 | Tomb:1   | Killed a greater mummy
 23057 | Tomb:1   | Reached skill level 14 in Fighting
 23060 | Tomb:1   | Noticed a greater mummy
 23062 | Tomb:1   | HP: 54/237 [??? (22)]
 23062 | Tomb:1   | Noticed a greater mummy
 23063 | Tomb:1   | HP: 14/237 [greater mummy/divine providence (6)]
 23064 | Tomb:1   | Noticed a greater mummy
 23064 | Tomb:1   | Noticed a greater mummy
 23064 | Tomb:1   | Killed from afar by a greater mummy

Illustrated notes

Levels and vault maps discovered:
D:1:      dpeg_arrival_round_b, layout_loops_ring, st_stairs_6,
          minmay_misc_feat_rugged
D:2:      layout_loops_ring, lemuel_crystal_altar,
          nicolae_ru_great_annihilating_truth, serial_bayou,
          serial_bayou_pond_c, serial_bayou_ford_a, serial_bayou_lake_a,
          serial_bayou_pond_a, ashenzari_altar_1, uniq_sigmund
D:3:      layout_basic
D:4:      layout_cave_pools, cheibrodos_sewer_entry_sluice, serial_shops, shop,
          shop, grunt_decor_fettered, kennysheep_generic_room_9, uniq_ijyb
D:5:      layout_basic, fedhas_bush_and_centaur_altar,
          minmay_misc_feat_more_columns, uniq_blork_the_orc, uniq_duvessa
D:6:      layout_rooms, minmay_temple_entry_butterflies, basic_altar,
          grunt_ministairs_13, centaur_isle
D:7:      layout_loops_ring, grunt_temple_overflow_cloverleaf, uniq_joseph
D:8:      layout_basic, nicolae_gozag_cash_rules_everything_around_me,
          uniq_prince_ribbit1
D:9:      layout_loops_corners, due_lair_maze_entry_diamond, serial_shops,
          nicolae_shop_waterfront, nicolae_shop_waterfront, nicolae_shop_trees,
          uniq_erolcha, uniq_maurice
D:10:     lemuel_flame_loot_2, layout_basic, uniq_maggie
D:11:     okawaru_arena_lexackson, layout_long_grid,
          portal_ice_cave_entry_pillars_1
D:12:     layout_stronghold, hiddenorc1_lemuel, ebering_ghost_rock_garden,
          gauntlet_entry_generic
D:13:     layout_rooms, einodemon_barbed_minivault, uniq_rupert
D:14:     layout_cave_pools, skrybe_vaults_entry_preservation, serial_shops,
          shop, shop, shop, chequers_serial_rivers_micro_b,
          chequers_serial_rivers_micro_b, nicolae_tso_swordbearing_angel,
          uniq_kirke
D:15:     grunt_enter_depths_hoard, layout_loops_cross,
          small_statue_intersection
Temple:   regret_index_temple_waves
Lair:1:   layout_small_grid, st_stairs_11, minmay_lair_oklob_chamber
Lair:2:   layout_gridlike, grunt_forest_large_clearings,
          infiniplex_staircase_pool, uniq_urug
Lair:3:   layout_cave_pods, spider_nest_entry_web_field
Lair:4:   hangedman_what_comes_after_a, layout_regular_city, swamp_mist_pool,
          nzn_random_ring
Lair:5:   layout_misc_corridors, slime_altar_2, chequers_serial_rivers_micro_d,
          serial_bayou_pond_a
Lair:6:   gammafunk_lair_ancient_temple, layout_loops_ring, grunt_megastairs_5
Swamp:1:  layout_basic_swamp, evilmike_swamp_ruin_rubble_1, swamp_pool1
Swamp:2:  layout_falls_marsh, hangedman_swamp_lotus, uniq_frances
Swamp:3:  layout_basic_swamp, evilmike_swamp_ruin_house_3
Swamp:4:  swamp_vile, layout_basic_swamp
Spider:1: gammafunk_its_a_trap
Spider:2: layout_spider_delve, drop_trap, nicolae_spider_stair_cavern
Spider:3: layout_spider_delve, gammafunk_ghost_necromancy
Spider:4: floodkiller_spider_rune_tomb
Slime:1:  layout_caves
Slime:2:  layout_caves
Slime:3:  layout_caves
Slime:4:  cheibrodos_slime_lost_civilization_10, layout_caves, basic_altar
Slime:5
Orc:1:    layout_caves, serial_shops, shop, mines5_lemuel
Orc:2:    st_orc_ogre_mass, layout_caves, serial_shops, nicolae_shop_stone,
          uniq_sonja
Elf:1:    eino_elf_arrival_the_gate, layout_loops_corners, serial_shops,
          shop_fountains, basic_altar, orc_legates, st_stairs_9
Elf:2:    layout_geoelf_diagonals, mu_enter_wizlab_4,
          portal_desolation_entry_salt, uniq_louise, uniq_azrael
Elf:3:    minmay_elf_hall_furrowed, layout_geoelf_octagon, serial_shops,
          bzr_entry_dummy
Vaults:1: grunt_vaults_trifunnel, v_misc_5, dpeg_vaults_monster_box, v_misc_17,
          hangedman_vaults_nails, v_misc_14, nicolae_vaults_specimen_jars,
          layout_vaults_omnigrid, serial_shops,
          nicolae_shop_temple_entry_statues_fountains
Vaults:2: gammafunk_vaults_ghost_grave, vaults_room_boxed, vaults_dpeg_cross,
          v_misc_3, st_greater_box_3, nicolae_vaults_little_squares_5,
          grunt_vaults_twisty, v_misc_33, hangedman_vaults_corner,
          vaults_dpeg_ring, vaults_dpeg_encased_lava,
          nicolae_vaults_sealed_display, vaults_dpeg_diagonal,
          layout_vaults_maze_bifur, uniq_jory, uniq_aizul
Vaults:3: nicolae_vaults_alarming, nicolae_vaults_triangles,
          hangedman_vaults_stagger, st_greater_box_1, v_misc_33,
          nicolae_vaults_little_squares_5, blue_anna_dwarven_crypt, v_misc_5,
          vaults_room_fours, v_misc_16, v_misc_17,
          nicolae_vaults_diagonal_hallway_8, v_misc_22, layout_vaults_omnibox,
          enter_trove_5, serial_shops, nicolae_shop_crystal
Vaults:4: biasface_vaults_ghost_orc_armoury, nicolae_vaults_statue_guard,
          v_misc_16, grunt_vaults_hallway_short, v_rooms_2,
          nicolae_vaults_little_squares_1, hangedman_vaults_stretched_pinwheel,
          ontoclasm_vaults_spin, nicolae_vaults_gold_heap,
          layout_vaults_chaotic_city, uniq_mennas
Vaults:5
Crypt:1:  layout_gridlike, uniq_sojobo
Crypt:2:  layout_gridlike, grunt_ministairs_14
Crypt:3:  david_glass_crypt, layout_misc_corridors,
          nicolae_tomb_entry_unfolded_pyramid_diagonal
Tomb:1

Skill      XL: |  1  2  3  4  5  6  7  8  9 10 11 12 13 14 15 16 17 18 19 20 21 22 23 24 25 26 |
---------------+-------------------------------------------------------------------------------+-----
Earth Magic    | 5 8 9 10 12 14 15 18 20 21 23 25 26 27 | 27.0
Spellcasting   | 5 7 9 10 11 12 13 15 16 | 16.3
Dodging        | 6 7 9 10 12 14 17 19 | 19.2
Armour         | 2 5 10 11 15 18 | 18.0
Fighting       | 4 7 10 11 14 | 14.0
Shields        | 3 4 7 |  7.0
Evocations     | 5 7 |  7.1
Translocations | 3 5 |  5.6
Invocations    | 3 |  3.1
Necromancy     | 6 11 14 17 18 19 | 19.0
Stealth        | |  2.4
Transmutations | |  0.8

Action                   |  1- 3 |  4- 6 |  7- 9 | 10-12 | 13-15 | 16-18 | 19-21 | 22-24 | 25-27 || total
-------------------------+-------+-------+-------+-------+-------+-------+-------+-------+-------++-------
Melee: Whip              |    21 |       |       |       |       |       |       |       |       ||    21
       Dagger            |    16 |    12 |     2 |     7 |       |       |       |       |       ||    37
       Flail             |       |       |       |    13 |   392 |   162 |       |       |       ||   567
       Staff             |       |       |       |       |       |       |    33 |     2 |       ||    35
Throw: Dart              |       |     1 |       |       |       |       |       |       |       ||     1
 Cast: Sandblast         |    42 |    86 |   160 |   196 |   103 |    39 |    13 |     6 |       ||   645
       Passwall          |     2 |    12 |    12 |    23 |    69 |    18 |    22 |     4 |       ||   162
       Lee's Rapid Decon |       |       |       |    61 |   100 |   125 |    34 |    18 |    29 ||   367
       Stone Arrow       |       |       |       |    77 |   491 |   210 |    44 |    13 |    19 ||   854
       Petrify           |       |       |       |     4 |     2 |       |     5 |       |       ||    11
       Apportation       |       |       |       |       |       |    51 |    91 |    19 |    31 ||   192
       Borgnjor's Vile C |       |       |       |       |       |   127 |    39 |    38 |    41 ||   245
       Sublimation of Bl |       |       |       |       |       |    51 |   138 |    70 |    48 ||   307
       Shatter           |       |       |       |       |       |     5 |   171 |    94 |    89 ||   359
       Passage of Golubr |       |       |       |       |       |       |   129 |    21 |    38 ||   188
       Corpse Rot        |       |       |       |       |       |       |     1 |       |       ||     1
       Dispel Undead     |       |       |       |       |       |       |       |     4 |       ||     4
Invok: Lesser Servant of |       |       |       |       |       |     2 |       |       |       ||     2
 Abil: Heal Wounds       |     1 |       |       |     1 |       |       |       |       |       ||     2
Evoke: Wand              |       |       |       |     3 |     4 |     1 |     4 |       |     1 ||    13
       Lightning rod     |       |       |       |       |       |       |     4 |       |       ||     4
       Tin of tremorston |       |       |       |       |       |       |     3 |       |       ||     3
       Box of beasts     |       |       |       |       |       |       |     2 |     1 |       ||     3
       Condenser vane    |       |       |       |       |       |       |     2 |     1 |       ||     3
       Phial of floods   |       |       |       |       |       |       |     1 |     1 |       ||     2
       Phantom mirror    |       |       |       |       |       |       |     1 |       |       ||     1
  Use: Potion            |     2 |       |     2 |     8 |     3 |    13 |     2 |     5 |     3 ||    38
       Scroll            |       |     5 |     8 |    19 |    14 |    12 |     8 |     9 |    12 ||    87
 Stab: Invisible         |       |     1 |       |       |       |       |       |       |       ||     1
       Sleeping          |       |       |     2 |     1 |     3 |     2 |       |       |       ||     8
       Petrified         |       |       |       |     4 |     4 |       |       |       |       ||     8
Armor: Robe              |     1 |       |       |       |       |       |       |       |       ||     1
       Ring mail         |    18 |    28 |    34 |    31 |       |       |       |       |    17 ||   128
       Steam dragon scal |       |       |       |    34 |   264 |       |       |       |       ||   298
       Acid dragon scale |       |       |       |       |    11 |   113 |   170 |    55 |     2 ||   351
Dodge: Dodged            |    26 |    37 |    32 |   159 |  1162 |   443 |   431 |   184 |    59 ||  2533
Block: Buckler           |       |       |       |    34 |   326 |   151 |   177 |    51 |    49 ||   788

Table legend: (Time is in decaauts)
 A = Elapsed time spent in this place.
 B = Non-inter-level travel time spent in this place.
 C = Inter-level travel time spent in this place.
 D = Time resting spent in this place.
 E = Time spent auto-exploring this place.
 F = Levels seen in this place.
 G = Mean time per level.
                   A        B        C        D        E       F      G
               +--------+--------+--------+--------+--------+-----+--------+
         Total |  23458 |  23248 |    210 |     38 |      0 |  55 |  426.5 |
       Dungeon |   9258 |   9213 |     45 |      0 |      0 |  15 |  617.2 |
        Temple |     40 |     40 |      0 |      0 |      0 |   1 |   40.0 |
          Lair |   4197 |   4161 |     36 |      0 |      0 |   6 |  699.5 |
         Swamp |    834 |    834 |      0 |      0 |      0 |   4 |  208.5 |
   Spider Nest |   1085 |   1085 |      0 |      0 |      0 |   4 |  271.2 |
    Slime Pits |    592 |    592 |      0 |     38 |      0 |   5 |  118.4 |
  Orcish Mines |   1289 |   1161 |    128 |      0 |      0 |   2 |  644.5 |
   Elven Halls |   2019 |   2018 |      1 |      0 |      0 |   3 |  673.0 |
        Vaults |   1646 |   1646 |      0 |      0 |      0 |   5 |  329.2 |
         Crypt |    521 |    521 |      0 |      0 |      0 |   3 |  173.7 |
          Tomb |    292 |    292 |      0 |      0 |      0 |   1 |  292.0 |
        Bazaar |     89 |     89 |      0 |      0 |      0 |   1 |   89.0 |
         Sewer |    129 |    129 |      0 |      0 |      0 |   1 |  129.0 |
      Ice Cave |    326 |    326 |      0 |      0 |      0 |   1 |  326.0 |
        Wizlab |    307 |    307 |      0 |      0 |      0 |   1 |  307.0 |
    Desolation |    595 |    595 |      0 |      0 |      0 |   1 |  595.0 |
      Gauntlet |    231 |    231 |      0 |      0 |      0 |   1 |  231.0 |
               +--------+--------+--------+--------+--------+-----+--------+

Top non-repeatable levels by time:
  Lair:4: 1140 daAuts
   Orc:2: 911 daAuts
     D:9: 868 daAuts
    D:12: 824 daAuts
  Lair:6: 776 daAuts
   Elf:1: 769 daAuts
    D:11: 758 daAuts
    D:10: 750 daAuts
     D:6: 728 daAuts
   Elf:2: 723 daAuts
Vaults:5: 709 daAuts
  Lair:1: 691 daAuts
  Lair:2: 634 daAuts
Vaults:4: 632 daAuts
  Lair:3: 604 daAuts

Table legend:
 A = Kills in this place as a percentage of kills in entire the game.
 B = Kills by you in this place as a percentage of kills by you in the entire game.
 C = Kills by friends in this place as a percentage of kills by friends in the entire game.
 D = Other kills in this place as a percentage of other kills in the entire game.
 E = Experience gained in this place as a percentage of experience gained in the entire game.
 F = Experience gained in this place divided by the number of levels of this place that you have seen.
                   A       B       C       D       E      F
               +-------+-------+-------+-------+-------+----------------------
         Total | 100.0 | 100.0 | 100.0 | 100.0 | 100.0 | 20667.1
       Dungeon |  19.5 |  19.6 |   0.0 |   0.0 |   6.7 | 5082.9
          Lair |  13.6 |  13.7 |   0.0 |   0.0 |   7.0 | 13338.0
         Swamp |   8.1 |   8.1 |   0.0 |   0.0 |   6.7 | 19039.8
   Spider Nest |  10.8 |  10.7 |  28.6 |  50.0 |   7.7 | 21827.0
    Slime Pits |   4.8 |   4.8 |   0.0 |   0.0 |   6.2 | 14125.2
  Orcish Mines |   6.5 |   6.3 |  71.4 |   0.0 |   2.5 | 13974.0
   Elven Halls |   7.9 |   7.9 |   0.0 |   0.0 |  11.4 | 43246.0
        Vaults |  13.2 |  13.3 |   0.0 |   0.0 |  26.8 | 60912.4
         Crypt |   4.9 |   4.9 |   0.0 |   0.0 |   8.4 | 31907.0
          Tomb |   2.6 |   2.6 |   0.0 |   0.0 |   8.9 | 100798.0
         Sewer |   0.5 |   0.5 |   0.0 |   0.0 |   0.0 | 139.0
      Ice Cave |   0.9 |   0.9 |   0.0 |   0.0 |   0.4 | 4206.0
        Wizlab |   1.7 |   1.7 |   0.0 |   0.0 |   2.5 | 28784.0
    Desolation |   4.5 |   4.4 |   0.0 |  50.0 |   4.5 | 51672.0
      Gauntlet |   0.5 |   0.5 |   0.0 |   0.0 |   0.2 | 2758.0
               +-------+-------+-------+-------+-------+----------------------
